 Dungeon Crawl Stone Soup version 0.21.1-1-g345015fe64 (webtiles) character file.

1101 Gargoyl the Chopper (level 8, 0/66 HPs)
             Began as a Centaur Abyssal Knight on Feb 11, 2018.
             Was a Priest of Lugonu.
             Killed from afar by an orc wizard (9 damage)
             ... with a puff of frost
             ... on level 6 of the Dungeon.
             The game lasted 00:11:16 (5188 turns).

Gargoyl the Chopper (Centaur Abyssal Knight)        Turns: 5188, Time: 00:11:16

Health: 0/66       AC: 15    Str: 15    XL:     8   Next: 10%
Magic:  10/11      EV:  2    Int: 11    God:    Lugonu [***...]
Gold:   224        SH: 11    Dex: 11    Spells: 7/7 levels left

rFire    . . .     SeeInvis .   a - +1 hand axe
rCold    . . .     Gourm    .   v - +0 shield
rNeg     + . .     Faith    .   g - +0 chain mail
rPois    .         Spirit   .   d - +4 helmet of Depression {+Fly rC- rN+ Regen+}
rElec    .         Reflect  +   k - scarf {cloud immunity}
rCorr    .         Harm     .   x - +1 pair of gloves
MR       .....                  (no barding)
Stlth    ..........             e - +4 amulet of reflection
HPRegen  0.61/turn              h - ring of protection from cold
MPRegen  0.12/turn              (no ring)

@: very quick
A: large, hooves 3, deformed body, speed 2, tough skin 3
a: Depart the Abyss, Bend Space, Banish, Renounce Religion, Evoke Flight


You were on level 6 of the Dungeon.
You worshipped Lugonu.
Lugonu was most pleased with you.
You were not hungry.

You visited 1 branch of the dungeon, and saw 7 of its levels.
You visited the Abyss 1 time.

You collected 224 gold pieces.

Inventory:

Hand Weapons
 a - a +1 hand axe (weapon)
Missiles
 m - 5 javelins (quivered)
Armour
 d - the +4 helmet of Depression (worn) {+Fly rC- rN+ Regen+}
   (You found it on level 2 of the Abyss)

   It makes you vulnerable to cold.
   It protects you from negative energy.
   It lets you fly.
   It increases your rate of regeneration.
 g - a +0 chain mail (worn)
 k - a scarf of cloud immunity (worn)
 v - a +0 shield (worn)
 x - a +1 pair of gloves (worn)
Jewellery
 e - a +4 amulet of reflection (around neck)
 h - a ring of protection from cold (left hand)
Wands
 f - a wand of polymorph (13)
Scrolls
 l - 2 scrolls of teleportation
 o - 5 scrolls of remove curse
 s - a scroll of identify
 w - 2 scrolls of fear
Potions
 b - a potion of ambrosia
 i - 3 potions of curing
 j - a potion of brilliance
 n - a potion of resistance {unknown}
 q - 2 potions of might
 r - a potion of cancellation
 u - 2 potions of invisibility
 z - a potion of agility {unknown}
 A - a potion of lignification
Books
 t - a book of Air

   Spells                             Type                      Level
   a - Shock                          Conjuration/Air              1
   b - Swiftness                      Charms/Air                   2
   c - Static Discharge               Conjuration/Air              3
   d - Airstrike                      Air                          4
   e - Lightning Bolt                 Conjuration/Air              5
Comestibles
 c - 11 rations
 p - a chunk of flesh


   Skills:
 + Level 4.2 Fighting
 + Level 5.5 Axes
 + Level 0.1 Throwing
 * Level 4.0 Armour
 + Level 1.1 Dodging
 + Level 1.2 Shields
 * Level 4.5 Invocations


You had 7 spell levels left.
You didn't know any spells.

Dungeon Overview and Level Annotations

Branches:
Dungeon (7/15)             Temple (0/1) D:4

Altars:
Ashenzari
Elyvilon
Makhleb

Annotations:
D:6 1 transporter


Innate Abilities, Weirdness & Mutations

You have hooves in place of feet.
Armour fits poorly on your strangely shaped body.
You cover ground very quickly.
You have extremely tough skin. (AC +3)


Message History

The orc wizard is severely wounded.
You barely miss the orc warrior.
Your shield prevents you from hitting the orc wizard.
The orc wizard hits you but does no damage.
You block the orc wizard's attack.
The orc warrior hits you with a halberd.
* * * LOW HITPOINT WARNING * * *
The orc wizard casts a spell at you. The puff of frost hits you!
* * * LOW HITPOINT WARNING * * *
You feel better. You block the orc wizard's attack.
The orc wizard hits you but does no damage.
You block the orc warrior's attack.
The orc wizard gestures at you while chanting.
The puff of frost hits you!
* * * LOW HITPOINT WARNING * * *
Space bends around you!
You blink.
The orc wizard gestures at you while chanting.
The puff of frost hits you!
You die...

...... ###### ...# ..#
..# ..# #######
#############+##.#
.......
...........oo..#.#######
.......
.......@.......#........
#######
...........o.§.'........
#......
#...........).)#........
8.##.##
#..............#.......#
.[##.#
#....#+###.....###'#####
...... #....
#.....#........ C.©...
#©.. #.....#........
W..... #...
#.....#........ J.##.#
#..!..#...##..#


You could see an orc warrior and 2 orc wizards.

Vanquished Creatures
  Duvessa (D:6)
  An ice beast (D:6)
  A phantom (D:4)
  An ogre (D:6)
  Dowan (D:6)
  A water moccasin skeleton (D:5)
  A scorpion (D:2)
  2 hounds (D:4)
  A jelly (D:5)
  A quasit (D:5)
  2 orc wizards
  An orc priest (D:4)
  A gnoll shaman (D:4)
  Jessica (D:2)
  An iguana (D:5)
  6 gnolls
  5 adders
  2 oozes (D:1)
  An adder zombie (D:6)
  2 worms (D:3)
  A leopard gecko (D:4)
  20 orcs
  6 bats
  5 giant cockroaches
  11 goblins
  9 hobgoblins
  6 jackals
  3 quokkas
  A ball python (D:1)
  3 frilled lizards
  6 kobolds
  5 rats (D:1)
109 creatures vanquished.

Vanquished Creatures (others)
  A centaur (D:5)
1 creature vanquished.

Grand Total: 110 creatures vanquished

Notes
Turn   | Place    | Note
-------+----------+-------------------------------------------
     0 | Abyss:1  | Gargoyl the Centaur Abyssal Knight began the quest for the Orb.
     0 | Abyss:1  | Reached XP level 1. HP: 19/19 MP: 2/2
     3 | Abyss:1  | Found a corrupted altar of Lugonu.
    26 | Abyss:1  | Noticed a glowing orange brain
    59 | Abyss:2  | Got a transparent helmet
    65 | Abyss:2  | Identified the +4 helmet of Depression {+Fly rC- rN+ Regen+} (You found it on level 2 of the Abyss)
    75 | D:1      | Escaped the Abyss
   128 | D:1      | Reached skill level 2 in Axes
   140 | D:1      | Reached * piety under Lugonu
   158 | D:1      | Reached XP level 2. HP: 26/26 MP: 3/3
   600 | D:1      | Reached XP level 3. HP: 31/31 MP: 2/4
  1010 | D:2      | Noticed a scorpion
  1035 | D:2      | Killed a scorpion
  1035 | D:2      | Reached ** piety under Lugonu
  1035 | D:2      | Reached skill level 3 in Axes
  1035 | D:2      | Reached XP level 4. HP: 39/39 MP: 1/6
  1209 | D:2      | Noticed Jessica
  1221 | D:2      | Killed Jessica
  1244 | D:2      | Reached XP level 5. HP: 46/46 MP: 7/7
  1433 | D:2      | Found a shattered altar of Ashenzari.
  1433 | D:2      | Found a faded altar of an unknown god.
  1438 | D:2      | Found a faded altar of an unknown god.
  1440 | D:2      | Found a burning altar of Makhleb.
  1441 | D:2      | Found a white marble altar of Elyvilon.
  1784 | D:3      | Found a faded altar of an unknown god.
  2487 | D:4      | Reached skill level 4 in Axes
  2495 | D:4      | Reached XP level 6. HP: 44/52 MP: 6/8
  2885 | D:4      | Found a staircase to the Ecumenical Temple.
  3081 | D:4      | Reached *** piety under Lugonu
  3320 | D:5      | Entered Level 5 of the Dungeon
  3388 | D:5      | Reached XP level 7. HP: 58/59 MP: 9/9
  3412 | D:5      | Reached skill level 1 in Dodging
  3720 | D:5      | Reached skill level 5 in Axes
  4483 | D:6      | Noticed a hungry ghost
  4484 | D:6      | Noticed a cyclops
  4485 | D:6      | Found a transporter.
  4561 | D:6      | Noticed a two-headed ogre
  4955 | D:6      | Noticed Dowan
  4956 | D:6      | Noticed Duvessa
  4987 | D:6      | Killed Duvessa
  4987 | D:6      | Reached skill level 1 in Shields
  4987 | D:6      | Reached XP level 8. HP: 66/66 MP: 11/11
  4993 | D:6      | Killed Dowan
  5188 | D:6      | Killed from afar by an orc wizard

Skill      XL: |  1  2  3  4  5  6  7 |
---------------+----------------------+-----
Axes           | 2 3 4 5 |  5.5
Armour         | 2 3 4 |  4.0
Invocations    | 3 4 |  4.5
Fighting       | 4 |  4.2
Dodging        | 1 |  1.1
Shields        | 1 |  1.2
Throwing       | |  0.1

Action                   |  1- 3 |  4- 6 |  7- 9 || total
-------------------------+-------+-------+-------++-------
Melee: Hand axe          |    96 |   183 |   141 ||   420
       Kick              |    14 |    41 |    35 ||    90
Throw: Javelin           |       |       |     3 ||     3
Invok: Depart the Abyss  |     1 |       |       ||     1
       Bend Space        |       |       |     2 ||     2
  Use: Scroll            |     3 |     4 |     6 ||    13
       Potion            |     2 |       |     3 ||     5
  Eat: Chunk             |       |     6 |     1 ||     7
       Ration            |       |       |     1 ||     1
Armor: Leather armour    |    20 |       |       ||    20
       Chain mail        |    89 |   129 |   108 ||   326
Dodge: Dodged            |    39 |    34 |    10 ||    83
Block: Other             |    15 |    31 |       ||    46
       Shield            |       |     4 |    99 ||   103
       Reflection        |       |     2 |       ||     2
